 Dungeon Crawl Stone Soup version 0.23-a0-635-g88ca12a (webtiles) character file.

658 galech the Chopper (level 7, -2/54 HPs)
             Began as a Demonspawn Fighter on Dec 27, 2018.
             Slain by an ogre
             ... wielding a +0 giant club
              (9 damage)
             ... on level 4 of the Dungeon.
             The game lasted 00:04:20 (3732 turns).

galech the Chopper (Demonspawn Fighter)             Turns: 3732, Time: 00:04:20

Health: -2/54      AC: 15    Str: 16    XL:     7   Next: 29%
Magic:  0/7        EV:  6    Int: 10    God:
Gold:   264        SH:  8    Dex: 14    Spells: 6/6 levels left

rFire    . . .     SeeInvis .   a - +1 war axe
rCold    . . .     Gourm    .   c - +0 shield
rNeg     . . .     Faith    .   i - +3 chain mail {rPois}
rPois    +         Spirit   +   (no helmet)
rElec    .         Reflect  .   v - +0 cloak
rCorr    .         Harm     .   d - +0 pair of gloves
MR       .....                  k - +1 pair of boots
Stlth    ..........             (no amulet)
HPRegen  0.18/turn              (no ring)
MPRegen  0.10/turn              (no ring)

@: heavily drained
A: talons 1, magic shield, sturdy frame 2
a: no special abilities


You were on level 4 of the Dungeon.
You were not hungry.

You visited 1 branch of the dungeon, and saw 4 of its levels.

You collected 264 gold pieces.

Inventory:

Hand Weapons
 a - a +1 war axe (weapon)
Armour
 c - a +0 shield (worn)
 d - a +0 pair of gloves (worn)
 i - a +3 chain mail of poison resistance (worn)
 k - a +1 pair of boots (worn)
 v - a +0 cloak (worn)
Wands
 n - a wand of acid (9)
 x - a wand of digging (6)
Scrolls
 b - a scroll of blinking {unknown}
 e - a scroll of fog {unknown}
 l - a scroll of enchant weapon
 p - a scroll of enchant armour {unknown}
 s - a scroll of immolation {unknown}
 t - a scroll of fear {unknown}
 u - 3 scrolls of identify {unknown}
Potions
 h - 2 potions of resistance {unknown}
 j - 2 potions of curing {unknown}
 m - a potion of flight {unknown}
 o - a potion of lignification {unknown}
 q - a potion of degeneration {unknown}
 r - a potion of invisibility {unknown}
 w - a potion of mutation {unknown}
Comestibles
 f - 6 rations
 g - 2 chunks of flesh


   Skills:
 + Level 4.0(1.3) Fighting
 + Level 5.3(2.6) Axes
 + Level 4.3(1.6) Armour
 + Level 1.0(0.0) Dodging
 + Level 0.1(0.0) Stealth
 + Level 3.8(1.2) Shields


You had 6 spell levels left.
You didn't know any spells.
Your spell library contained the following spells:

 Spells                   Type           Power        Failure   Level  Hunger
 Haunt                    Necr/Summ      #.........   100%        7    #######
 Borgnjor's Revivificati  Necr           #.........   100%        8    #######
 Death's Door             Chrm/Necr      #.........   100%        8    #######
 Infestation              Necr           #.........   100%        8    #######
 Necromutation            Tmut/Necr      #.........   100%        8    #######


Dungeon Overview and Level Annotations

Branches:
Dungeon (4/15)
 Temple: D:4-7

Altars:
Fedhas


Innate Abilities, Weirdness & Mutations

You have sharp toenails.
When hurt, damage is shared between your health and your magic reserves.
Your movements are less encumbered by armour. (ER -4)


Message History

You are too injured to fight recklessly!
You are too injured to fight recklessly!
You are too injured to fight recklessly!
You are too injured to fight recklessly!
You are too injured to fight recklessly!
You are too injured to fight recklessly!
You completely miss the ogre.
The ogre is heavily wounded.
The ogre hits you but does no damage. The ogre closely misses you.
Your chain mail prevents you from hitting the ogre.
The ogre is heavily wounded.
The ogre hits you with a +0 giant club!!
* * * LOW HITPOINT WARNING * * *
You slash the ogre!
The ogre is severely wounded.
The ogre barely misses you.
You hit the ogre.
The ogre is almost dead.
The ogre hits you with a +0 giant club!
You die...

#................##
#.
###.########.#####
#. #.# #..)....# #.
#.# #.......# #.
#.### #.......# #.
#...# #.......# #.
###.# #.......# #.
#.# #.......# #@#
#.......# #O#
######### ... ##.##
#.# #.$ ###


You could see an ogre.

Vanquished Creatures
  Edmund (D:4)
  An ogre (D:4)
  A centaur (D:4)
  A scorpion (D:4)
  An orc priest (D:3)
  Terence (D:2)
  3 orc wizards
  A worker ant (D:4)
  5 adders
  A howler monkey skeleton (D:4)
  2 oozes (D:1)
  3 worms
  A dart slug (D:1)
  4 leopard geckos
  10 orcs
  3 giant cockroaches
  13 goblins
  10 hobgoblins
  3 jackals
  10 kobolds
  4 quokkas
  2 ball pythons (D:3)
  A ball python skeleton (D:4)
  9 bats
  2 frilled lizards
  8 rats
101 creatures vanquished.

Notes
Turn   | Place    | Note
-------+----------+-------------------------------------------
     0 | D:1      | galech the Demonspawn Fighter began the quest for the Orb.
     0 | D:1      | Reached XP level 1. HP: 18/18 MP: 1/1
    78 | D:1      | Gained mutation: Your movements are slightly less
                  | encumbered by armour. (ER -2) [demonic ancestry]
    78 | D:1      | Reached XP level 2. HP: 22/24 MP: 2/2
   127 | D:1      | Reached skill level 2 in Axes
   322 | D:1      | Reached XP level 3. HP: 11/29 MP: 3/3
   799 | D:2      | Noticed Terence
   833 | D:2      | Killed Terence
   833 | D:2      | Reached XP level 4. HP: 19/35 MP: 4/4
  1107 | D:2      | Reached skill level 3 in Axes
  1843 | D:2      | Gained mutation: You have sharp toenails. [demonic
                  | ancestry]
  1843 | D:2      | Reached XP level 5. HP: 37/41 MP: 5/5
  2967 | D:4      | Noticed an ogre
  2978 | D:4      | Killed an ogre
  2978 | D:4      | Reached skill level 4 in Axes
  2978 | D:4      | Gained mutation: Your movements are less encumbered by
                  | armour. (ER -4) [demonic ancestry]
  2978 | D:4      | Reached XP level 6. HP: 24/48 MP: 6/6
  3301 | D:4      | Found a blossoming altar of Fedhas.
  3328 | D:4      | Reached skill level 5 in Axes
  3328 | D:4      | Gained mutation: When hurt, damage is shared between your
                  | health and your magic reserves. [demonic ancestry]
  3328 | D:4      | Reached XP level 7. HP: 17/53 MP: 7/7
  3673 | D:4      | Noticed Edmund
  3693 | D:4      | Killed Edmund
  3693 | D:4      | Reached skill level 1 in Dodging
  3732 | D:4      | Slain by an ogre

Vault maps used:
D:1:      scummos_arrival_star
D:2:      first_ration, minmay_misc_feat_encased, minmay_pentomino_w4,
          uniq_terence
D:4:      minmay_bubble_buster, fedhas_bush_and_centaur_altar, uniq_edmund

Skill      XL: |  1  2  3  4  5  6  7 |
---------------+----------------------+-----
Axes           | 2 3 4 5 |  5.3
Armour         | 3 4 |  4.3
Shields        | 3 |  3.8
Fighting       | 4 |  4.0
Dodging        | 1 |  1.0
Stealth        | |  0.1

Action                   |  1- 3 |  4- 6 |  7- 9 || total
-------------------------+-------+-------+-------++-------
Melee: War axe           |   114 |   238 |    36 ||   388
  Use: Scroll            |       |     1 |       ||     1
       Potion            |       |     1 |       ||     1
  Eat: Chunk             |       |     8 |     2 ||    10
Armor: Scale mail        |    36 |       |       ||    36
       Chain mail        |       |   209 |    17 ||   226
Dodge: Dodged            |    42 |    75 |     9 ||   126
Block: Shield            |    53 |   136 |    12 ||   201

Table legend:
 A = Non-vault XP
 B = Vault XP
 C = Vault XP percentage of total XP
 D = Non-vault monster count
 E = Vault monster count
 F = Vault count percentage of total count
                 A         B        C        D         E       F
            +---------+---------+-------+---------+---------+-------
      Total |     611 |     329 |  35.0 |      90 |      11 |  10.9
            +---------+---------+-------+---------+---------+-------
        D:1 |      54 |       0 |   0.0 |      23 |       0 |   0.0
        D:2 |      83 |      62 |  42.8 |      25 |       9 |  26.5
        D:3 |     131 |       0 |   0.0 |      27 |       0 |   0.0
        D:4 |     343 |     267 |  43.8 |      15 |       2 |  11.8
            +---------+---------+-------+---------+---------+-------
